Map: Simulacrum LE

Players

Ratl

  • Race: Protoss Protoss
  • League: Bronze
  • Spawn Location: 5:00

ShanksLeRoux - Winner!

  • Race: Terran Terran
  • League: Gold
  • Spawn Location: 11:00

VOD

Have the link to the VOD?

Description

Time

  • Played on: Dec. 23, 2019, 12:14 p.m.
  • Length: 6:01
Show
View Real Time Build Order
Export as new Build Order

Ratl Protoss 

Build Orders:  

Get SALT Encoding   

  12  0:03  Probe  
  13  0:15  Probe  
  13  0:19  Pylon  
  14  0:27  Probe  
  15  0:38  Gateway  
  15  0:40  Probe  
  16  0:53  Probe (Chrono Boost)  
  17  0:57  Assimilator  
  17  1:01  Assimilator  
  17  1:03  Probe (Chrono Boost)  
  18  1:08  Probe (Chrono Boost)  
  19  1:15  Gateway  
  19  1:22  Probe  
  20  1:34  Probe  
  20  1:36  Cybernetics Core  
  21  1:46  Probe  
  22  1:58  Probe  
  23  2:06  Pylon  
  23  2:10  Pylon  
  23  2:18  Warp Gate (Chrono Boost)  
  23  2:24  Probe, Stalker x2  
  28  2:44  Nexus  
  28  2:51  Probe  
  29  3:00  Stalker  
  29  3:03  Probe  
  32  3:08  Stalker  
  34  3:15  Probe  
  35  3:20  Robotics Facility  
  35  3:27  Probe  
  34  3:58  Probe (Chrono Boost)  
  36  4:05  Probe (Chrono Boost)  
  36  4:07  Robotics Bay  
  36  4:09  Probe (Chrono Boost), Pylon  
  37  4:14  Probe x2 (Chrono Boost)  
  37  4:16  Pylon  
  39  4:19  Pylon  
  39  4:21  Assimilator  
  39  4:23  Assimilator  
  41  4:25  Probe (Chrono Boost)  
  41  4:29  Probe (Chrono Boost), Pylon  
  41  4:31  Probe (Chrono Boost)  
  41  4:36  Probe  
  43  4:40  Probe (Chrono Boost)  
  46  4:52  Probe (Chrono Boost)  
  46  4:53  Probe (Chrono Boost), Observer  
  47  5:00  Gateway  
  47  5:01  Probe (Chrono Boost), Gateway  
  47  5:04  Gateway  
  48  5:07  Stalker  
  48  5:10  Stalker  
  48  5:12  Probe  
  53  5:20  Immortal  
  57  5:30  Twilight Council  
  57  5:41  Stalker x2  
Show
View Real Time Build Order
Export as new Build Order

ShanksLeRoux Terran - Winner!

Build Orders:  

Get SALT Encoding   

  12  0:01  SCV  
  13  0:13  SCV  
  14  0:19  Supply Depot  
  14  0:25  SCV  
  15  0:38  Refinery  
  15  0:42  Barracks  
  15  0:46  SCV  
  16  0:58  SCV  
  17  1:10  SCV  
  18  1:21  Supply Depot  
  18  1:22  SCV  
  18  1:24  Refinery  
  19  1:29  Marine  
  20  1:41  SCV  
  21  1:47  Marine  
  21  1:52  Factory  
  22  1:56  SCV  
  23  2:09  Orbital Command  
  23  2:13  Engineering Bay  
  23  2:27  Barracks Reactor  
  23  2:35  SCV  
  24  2:39  Supply Depot  
  24  2:45  Starport  
  24  2:46  Factory Tech Lab  
  24  2:47  SCV  
  25  3:06  Supply Depot  
  25  3:07  SCV  
  25  3:09  Marine x2  
  28  3:13  Siege Tank  
  31  3:22  Missile Turret  
  31  3:23  SCV  
  32  3:27  Marine  
  33  3:35  Starport Reactor  
  32  3:51  Siege Tank  
  32  3:54  Marine x2  
  37  4:03  Supply Depot  
  37  4:07  SCV  
  38  4:14  Medivac  
  38  4:15  Medivac  
  42  4:18  Missile Turret  
  42  4:19  SCV  
  42  4:23  Marine, Siege Tank  
  47  4:27  Marine  
  48  4:40  SCV  
  49  4:46  Marine x2  
  49  4:52  Command Center  
  51  5:07  Marine  
  51  5:08  Marine  
  51  5:09  Viking  
Tags
 
Add a new tag
Caveats
  • Supply blocks, unpowered buildings, or Contaminate may cause inaccurate times.
  • Supply counts are checked every 10 seconds.